 Dungeon Crawl Stone Soup version 0.31-a0-355-g57cb03d3e8 (webtiles) character file.

Game seed: 2228515298202580425

787 holysushi the Ducker (level 8, -2/54 HPs)
             Began as a Djinni Hedge Wizard on July 24, 2023.
             Slain by a gnoll
             ... wielding a +0 whip
              (6 damage)
             ... on level 6 of the Dungeon.
             The game lasted 00:12:55 (4972 turns).

holysushi the Ducker (Djinni Hedge Wizard)          Turns: 4972, Time: 00:12:57

Health: -2/54      AC:  3    Str:  6 (9)  XL:     8   Next: 11%
Gold:   357        EV: 14    Int: 13 (15) God:
                   SH:  0    Dex: 15 (16)

rFire   + + +        h - +2 short sword (speed)
rCold   x . .        (no shield)
rNeg    . . .        b - +0 robe
rPois   ∞            c - +1 hat
rElec   .            e - scarf {shadows}
rCorr   .            (no gloves)
SInv    +            (boots unavailable)
Will    .....        (no amulet)
Stlth   ++           g - ring of protection from fire
HPRegen 0.29/turn    s - ring of see invisible
MPRegen 0.00/turn

%: infuse magic (-3 HP)
@: attractive, flying
A: sickness immunity, fire resistance 2, cold vulnerability 1, float, innate
caster, HP casting, extra vitality 1
a: no special abilities


You were on level 6 of the Dungeon.
You visited 1 branch of the dungeon, and saw 6 of its levels.

You collected 357 gold pieces.

Inventory:

Hand Weapons
 a - a +2 dagger of speed
 h - a +2 short sword of speed (weapon)
Missiles
 l - 2 throwing nets
Armour
 b - a +0 robe (worn)
 c - a +1 hat (worn)
 e - a scarf of shadows (worn)
Jewellery
 g - a ring of protection from fire (left hand)
 s - a ring of see invisible (right hand)
Wands
 d - a wand of polymorph (12)
Scrolls
 f - 2 scrolls of identify
Potions
 p - a potion of haste {unknown}
 q - a potion of might
 r - 2 potions of cancellation {unknown}
 t - a potion of lignification {unknown}


   Skills:
 - Level 2.0 Fighting
 + Level 3.1 Short Blades
 + Level 5.7 Dodging
 + Level 3.1 Stealth
 + Level 4.3 Spellcasting
 + Level 4.3 Conjurations
 + Level 4.3 Hexes
 + Level 4.3 Summonings
 + Level 4.3 Necromancy
 + Level 4.3 Translocations
 + Level 4.3 Transmutations
 + Level 4.3 Fire Magic
 + Level 4.3 Ice Magic
 + Level 4.3 Air Magic
 + Level 4.3 Earth Magic
 + Level 4.3 Poison Magic


You knew the following spells:

 Your Spells              Type           Power      Damage    Failure   Level
a - Necrotise             Necr           56%        1d6       3%          1
b - Searing Ray           Conj           28%        2d5       4%          2
c - Mephitic Cloud        Conj/Pois/Air  14%        N/A       10%         3
d - Call Imp              Summ           28%        N/A       4%          2
e - Slow                  Hex            56%        N/A       3%          1
f - Magic Dart            Conj           56%        1d5       3%          1
g - Blink                 Tloc           28%        N/A       4%          2
h - Wereblood             Tmut           14%        N/A       4%          2
Your spell library was empty.

Dungeon Overview and Level Annotations

Branches:
Dungeon (6/15) Zot: 26990
 Temple: D:4-7

Altars:
Elyvilon

Shops:
D:3 !   D:4 (

Annotations:
D:5 Blork the orc


Innate Abilities, Weirdness & Mutations

You are immune to sickness and miasma.
You are immune to poison.
Your flesh is very heat resistant. (rF++)
You are vulnerable to cold. (rC-)
You float through the air rather than walking.
You learn spells naturally, not from books.
Your magical power is your life essence.
You have superior vitality. (+4 MHP)


Message History

The helpless gnoll fails to defend itself.
You puncture the gnoll!
The gnoll is severely wounded.
The gnoll shouts!
You closely miss the gnoll.
The gnoll is severely wounded.
The gnoll hits you with a +0 whip.
* * * LOW HITPOINT WARNING * * *
The gnoll attacks as you move away! The gnoll hits you with a +0 whip.
* * * LOW HITPOINT WARNING * * *
There is a stone staircase leading up here.
Okay, then.
You feel better.
As you read the scroll labelled HAEHOROTENIX, it dissolves into smoke.
It was a scroll of fog.
The gnoll misses you. The gnoll hits you with a +0 whip.
* * * LOW HITPOINT WARNING * * *
As you read the scroll labelled NIGYTOURRAE, it crumbles to dust.
It is a scroll of enchant armour.
Your +0 hat glows green for a moment.
The gnoll hits you from afar with a +0 spear.
* * * LOW HITPOINT WARNING * * *
The gnoll closely misses you. The gnoll misses you.
Blink to where?
Press: ? - help, Dir - move target
As you read the scroll labelled LADIDWAGYR, it crumbles to dust.
It was a scroll of blinking.
The gnoll hits you from afar with a +0 spear.
* * * LOW HITPOINT WARNING * * *
Okay, then.
It was a potion of attraction.
You feel attractive to monsters. The gnoll barely misses you.
The gnoll hits you from afar with a +0 spear.
* * * LOW HITPOINT WARNING * * *
It was a potion of degeneration.
There was something very wrong with that liquid.
You feel weakened.
You feel dopey.
You feel clumsy. The gnoll misses you. The gnoll hits you with a +0 whip.
You die...

##+##
##..§##
##...§§##
#..§§@§§##
#...§§gg§§#
+...§§g§§§+
#.....§§§§#
##....§§.##
##.....##
##...##
##+#


You could see 3 gnolls.

Vanquished Creatures
  Eustachio (D:3)
  Edmund (D:4)
  An orc warrior (D:4)
  A scorpion (D:2)
  2 orc priests
  A hound (D:3)
  2 iguanas
  5 gnolls
  5 adders
  A worm (D:4)
  4 orcs (D:4)
  10 endoplasms
  2 giant cockroaches
  6 goblins
  9 hobgoblins
  5 jackals
  3 quokkas
  9 ball pythons
  5 bats
  2 frilled lizards
  11 kobolds
  A rat (D:1)
87 creatures vanquished.

Vanquished Creatures (collateral kills)
  A jelly (D:4)
  2 gnolls (D:4)
  A dart slug (D:2)
  An orc (D:4)
  2 ball pythons (D:1)
  An endoplasm (D:1)
  2 rats (D:1)
10 creatures vanquished.

Grand Total: 97 creatures vanquished

Notes
Turn   | Place    | Note
-------+----------+-------------------------------------------
     0 | D:1      | holysushi the Djinni Hedge Wizard began the quest for the
                  | Orb.
     0 | D:1      | holysushi set off with the following spells memorised:
                  | Magic Dart, Slow, Blink, Call Imp, Mephitic Cloud.
     0 | D:1      | Reached XP level 1. HP: 15/15 MP: 0/0
   108 | D:1      | Reached XP level 2. HP: 15/21 MP: 0/0
   392 | D:1      | Reached XP level 3. HP: 24/25 MP: 0/0
   392 | D:1      | Learned a level 1 spell: Necrotise
   939 | D:1      | Reached XP level 4. HP: 21/31 MP: 0/0
  1157 | D:2      | Reached skill level 3 in Dodging
  1256 | D:2      | Noticed a scorpion
  1317 | D:2      | Killed a scorpion
  1318 | D:2      | Reached skill level 1 in Fighting
  1318 | D:2      | Reached skill level 1 in Short Blades
  1318 | D:2      | Reached XP level 5. HP: 27/37 MP: 0/0
  1318 | D:2      | Learned a level 2 spell: Searing Ray
  1902 | D:3      | Found a white marble altar of Elyvilon.
  2051 | D:3      | Found Netill's Distillery.
  2424 | D:3      | Reached XP level 6. HP: 31/43 MP: 0/0
  3083 | D:4      | Noticed Eustachio
  3101 | D:3      | Killed Eustachio
  3102 | D:3      | Reached skill level 4 in Dodging
  3238 | D:4      | Reached XP level 7. HP: 43/49 MP: 0/0
  3238 | D:4      | Learned a level 2 spell: Wereblood
  3360 | D:4      | Noticed Edmund
  3767 | D:4      | Killed Edmund
  3768 | D:4      | Reached skill level 5 in Dodging
  3853 | D:4      | Found Xois's Weapon Emporium.
  4546 | D:4      | Reached XP level 8. HP: 32/54 MP: 0/0
  4808 | D:5      | Entered Level 5 of the Dungeon
  4949 | D:5      | Noticed Blork the orc
  4972 | D:6      | Slain by a gnoll

Illustrated notes

Levels and vault maps discovered:
D:1:      nzn_arrival_depleted_hourglass, layout_loops_ring,
          dreamdust_wishing_well, minmay_bisected
D:2:      layout_basic, guppyfry_early_lair_pool
D:3:      layout_basic, elyvilon_altar_1, serial_shops,
          nicolae_shop_window_shopping, serial_bayou, serial_bayou_pond_b,
          serial_bayou_crossing, serial_bayou_shore_a, serial_bayou_pond_c
D:4:      layout_cave_pools, kennysheep_small_square, uniq_edmund,
          uniq_eustachio
D:5:      layout_basic, mainiacjoe_overflow_six_doors_small,
          minmay_temple_entry_proselytizer, serial_rivers,
          chequers_serial_rivers_small_3, chequers_serial_rivers_room_b,
          chequers_serial_rivers_room_b, chequers_serial_rivers_micro_e,
          nicolae_kite_square_tiling_tiny, uniq_blork_the_orc
D:6:      layout_loops_corners, nicolae_yredelemnul_corpse_copse,
          amcnicky_altar_gilded, nicolae_overflow_hidden_temple

Skill      XL: |  1  2  3  4  5  6  7 |
---------------+----------------------+-----
Spellcasting   | 3 4 |  4.3
Conjurations   | 3 4 |  4.3
Hexes          | 3 4 |  4.3
Summonings     | 3 4 |  4.3
Necromancy     | 3 4 |  4.3
Translocations | 3 4 |  4.3
Transmutations | 3 4 |  4.3
Fire Magic     | 3 4 |  4.3
Ice Magic      | 3 4 |  4.3
Air Magic      | 3 4 |  4.3
Earth Magic    | 3 4 |  4.3
Poison Magic   | 3 4 |  4.3
Stealth        | 2 3 |  3.1
Dodging        | 3 4 5 |  5.7
Fighting       | 1 2 |  2.0
Short Blades   | 1 2 3 |  3.1

Action                     |  1- 3 |  4- 6 |  7- 9 || total
---------------------------+-------+-------+-------++-------
  Melee: Dagger            |    14 |    23 |       ||    37
         Short sword       |       |    17 |    88 ||   105
         Unarmed           |       |     7 |       ||     7
         Punch             |       |     1 |     3 ||     4
   Cast: Magic Dart        |    35 |       |       ||    35
         Call Imp          |     2 |     6 |     7 ||    15
         Necrotise         |    42 |    64 |    17 ||   123
         Searing Ray       |       |     1 |     2 ||     3
         Mephitic Cloud    |       |       |    12 ||    12
    Use: Potion            |     1 |     2 |     3 ||     6
         Scroll            |       |     2 |     3 ||     5
   Stab: Sleeping          |     1 |     2 |     1 ||     4
         Distracted        |       |     1 |       ||     1
         Confused          |       |       |     7 ||     7
 Armour: Robe              |     7 |    11 |     6 ||    24
  Dodge: Dodged            |    39 |    44 |    55 ||   138

Table legend: (Time is in decaauts)
 A = Elapsed time spent in this place.
 B = Non-inter-level travel time spent in this place.
 C = Inter-level travel time spent in this place.
 D = Time resting spent in this place.
 E = Time spent auto-exploring this place.
 F = Levels seen in this place.
 G = Mean time per level.
                   A        B        C        D        E       F      G
               +--------+--------+--------+--------+--------+-----+--------+
         Total |   4917 |   4711 |    206 |   1225 |   2443 |   6 |  819.5 |
       Dungeon |   4917 |   4711 |    206 |   1225 |   2443 |   6 |  819.5 |
               +--------+--------+--------+--------+--------+-----+--------+

Top non-repeatable levels by time:
     D:3: 1821 daAuts
     D:4: 1131 daAuts
     D:1: 1053 daAuts
     D:2: 753 daAuts
     D:5: 149 daAuts
     D:6: 8 daAuts
